Map: Lightshade LE

Players

Seither - Winner!

  • Race: Terran Terran
  • League: Grandmaster

Demi

  • Race: Zerg Zerg
  • League: Grandmaster

Event: DreamHack SC2 Masters 2021 Summer

VOD

Have the link to the VOD?

Description

Time

  • Played on: May 20, 2021, 6:41 a.m.
  • Length: 14:15

All games in this series

Show
View Real Time Build Order
Export as new Build Order

Seither Terran - Winner!

Build Orders: Reaper Expand 

Get SALT Encoding   

  12  0:00  SCV  
  13  0:12  SCV  
  14  0:17  Supply Depot  
  14  0:24  SCV  
  15  0:38  SCV  
  15  0:40  Barracks  
  16  0:44  Refinery  
  16  0:50  SCV  
  17  1:02  SCV  
  18  1:15  SCV  
  19  1:27  Reaper, Orbital Command  
  20  1:40  Command Center  
  20  1:50  Supply Depot  
  20  1:53  SCV  
  21  1:59  Marine  
  22  2:05  SCV  
  22  2:08  Factory  
  23  2:16  Bunker  
  23  2:21  Barracks Reactor  
  23  2:22  SCV  
  24  2:31  Refinery  
  24  2:34  SCV  
  25  2:46  SCV  
  26  2:52  Orbital Command  
  26  2:58  SCV  
  27  3:07  Starport  
  27  3:10  SCV  
  27  3:12  Hellion x2  
  32  3:13  Barracks Tech Lab  
  32  3:18  SCV  
  33  3:22  SCV  
  34  3:30  SCV  
  34  3:33  Hellion x2  
  39  3:34  SCV  
  41  3:42  SCV  
  41  3:46  SCV  
  42  3:55  SCV  
  43  3:57  Marine  
  43  3:58  SCV  
  45  4:04  Supply Depot  
  45  4:05  Command Center  
  45  4:13  SCV  
  46  4:17  Supply Depot  
  46  4:25  SCV x2, Raven  
  46  4:28  Barracks Tech Lab  
  50  4:37  SCV x2  
  52  4:40  Factory Reactor  
  52  4:41  Supply Depot  
  52  4:43  Barracks  
  52  4:44  Engineering Bay  
  52  4:45  Engineering Bay  
  52  4:46  Marine, Stimpack  
  52  4:47  Barracks  
  52  4:49  SCV x2  
  55  4:56  Supply Depot  
  55  4:58  Refinery  
  55  5:02  SCV x2  
  57  5:09  Marine  
  57  5:14  SCV x2, Terran Infantry Weapons Level 1  
  60  5:15  Terran Infantry Armor Level 1, Barracks x2  
  60  5:17  Refinery  
  60  5:20  Orbital Command, Starport Reactor  
  60  5:24  Factory Reactor  
  60  5:26  SCV x2  
  62  5:29  Marine  
  62  5:32  Marine x2  
  65  5:38  SCV x2  
  67  5:50  SCV, Orbital Command  
  67  5:52  Marine x5  
  67  5:55  SCV  
  74  5:59  Supply Depot  
  74  6:01  Supply Depot  
  74  6:02  SCV  
  74  6:03  Widow Mine x2, Medivac x2  
  83  6:04  Barracks Reactor  
  83  6:05  Barracks Reactor  
  83  6:07  SCV  
  84  6:14  SCV  
  84  6:17  Marine x3  
  84  6:18  Marine  
  89  6:23  SCV x2  
  91  6:26  Supply Depot, Combat Shield  
  91  6:27  Armory  
  91  6:30  Marine  
  91  6:32  Widow Mine x2  
  96  6:35  Marine x4  
  96  6:36  SCV x3  
  103  6:42  Marine  
  103  6:43  Marine x3  
  103  6:44  Medivac  
  109  6:47  Medivac  
  109  6:48  Marine  
  109  6:51  Supply Depot  
  109  6:53  Supply Depot  
  112  6:55  Marine  
  112  6:56  Marine x3  
  112  6:58  SCV  
  117  7:02  SCV x2  
  117  7:03  Widow Mine x2  
  123  7:09  Marine x2  
  123  7:10  Refinery  
  123  7:12  SCV, Marine  
  123  7:14  SCV  
  125  7:16  Supply Depot  
  125  7:18  Supply Depot  
  121  7:28  Marine x3  
  121  7:29  Terran Infantry Armor Level 2, Terran Infantry Weapons Level 2, Marine  
  64  7:30  Widow Mine, Medivac x2  
  125  7:31  SCV  
  125  7:32  SCV x2  
  134  7:38  Command Center  
  134  7:41  Missile Turret  
  134  7:42  Missile Turret  
  131  7:46  Missile Turret  
  131  7:49  Marine x5  
  136  7:56  Marine  
  136  7:57  Marine  
  135  8:04  Marine x2  
  131  8:15  Marine x4  
  131  8:16  SCV x2  
  131  8:18  Widow Mine x2  
  132  8:26  Marine x3  
  132  8:27  Marine x2  
  132  8:28  Factory, Medivac x2  
  132  8:29  SCV x2  
  140  8:36  Supply Depot  
  140  8:40  Widow Mine x2, SCV  
  140  8:41  SCV x2  
  145  8:42  Supply Depot  
  144  8:54  Marine x7  
  145  8:58  Barracks  
  145  8:59  Barracks  
  145  9:00  Barracks  
  145  9:01  Widow Mine x2  
  149  9:05  SCV x2  
  149  9:09  Supply Depot  
  151  9:13  Marine x3  
  151  9:14  Medivac x2  
  158  9:19  Missile Turret  
  158  9:20  Marine x2  
  158  9:21  Marine  
  158  9:23  Drilling Claws  
  161  9:37  Marine x2  
  161  9:38  Marauder, Thor  
  124  9:53  Widow Mine  
  124  9:54  Widow Mine, Marine x3  
  124  9:58  Planetary Fortress  
  124  9:59  Marauder  
  135  10:00  SCV  
  134  10:07  Orbital Command  
  134  10:11  Missile Turret  
  134  10:19  Terran Infantry Weapons Level 3  
  134  10:20  Marauder, Thor  
  141  10:21  Missile Turret  
  141  10:24  Marine x3  
  143  10:30  SCV  
  143  10:34  Widow Mine x2  
  148  10:41  Barracks Tech Lab x3, Marine x2  
  148  10:42  SCV, Marauder, Medivac x2  
  157  10:47  Missile Turret  
  145  11:04  Marauder x2, Marine x3  
  145  11:06  Missile Turret  
  145  11:10  Thor  
  162  11:11  Widow Mine x2  
  162  11:12  Marauder  
  164  11:23  Marine x5  
  164  11:24  Marine x2  
  169  11:26  Marauder x2  
  169  11:27  Supply Depot x2  
  169  11:32  Marine  
  174  11:34  Marauder  
  176  11:41  Marine x4  
  177  11:47  Marauder x2  
  177  11:52  Supply Depot  
  177  11:53  Command Center  
  181  12:01  Marine  
  181  12:02  Marauder, Marine x3  
  189  12:08  Marauder  
  189  12:09  Marauder  
  189  12:11  Thor  
  189  12:13  Widow Mine  
  199  12:18  Barracks x2  
  199  12:20  Refinery  
  197  12:40  Widow Mine  
  197  12:42  Armory  
  199  12:45  Marine  
  199  12:50  Orbital Command  
  195  13:00  Marauder x2, Marine  
  195  13:03  Widow Mine x2  
  195  13:05  Marine x3  
  183  13:06  Marine x2  
  173  13:16  Marauder, Marine  
  170  13:22  Marauder  
  170  13:23  Marine x3  
  170  13:24  Marauder, Marine x6  
  156  13:28  Widow Mine  
  156  13:29  Widow Mine  
  156  13:34  Widow Mine, Marine  
  149  13:37  SCV x2  
  149  13:38  Marauder  
  149  13:41  Marine x4  
  154  13:42  Marine  
  154  13:43  Marauder  
  154  13:45  Marauder  
  163  13:51  Marine x3  
  163  13:55  Marine x2  
Show
View Real Time Build Order
Export as new Build Order

Demi Zerg 

Build Orders: Pool First, Muta Ling Bane 

Get SALT Encoding   

  12  0:00  Drone  
  13  0:12  Overlord  
  13  0:16  Drone  
  14  0:30  Drone  
  14  0:31  Drone  
  16  0:40  Spawning Pool  
  15  0:44  Drone  
  16  0:50  Drone  
  17  1:08  Hatchery  
  17  1:11  Drone  
  17  1:27  Queen, Zergling x4  
  17  1:31  Extractor  
  20  1:33  Drone  
  20  1:39  Overlord  
  21  1:49  Drone  
  22  2:00  Drone  
  23  2:03  Queen  
  25  2:11  Drone  
  26  2:19  Queen  
  26  2:22  Drone x2  
  30  2:31  Drone  
  30  2:33  Drone  
  30  2:36  Overlord  
  32  2:40  Drone  
  32  2:43  Metabolic Boost  
  33  2:45  Drone  
  33  2:46  Drone x2  
  36  3:03  Hatchery  
  35  3:06  Drone x2  
  35  3:10  Drone x2  
  39  3:16  Drone x2  
  41  3:20  Overlord  
  41  3:23  Drone  
  42  3:30  Queen  
  44  3:38  Overlord  
  44  3:39  Drone x2  
  44  3:40  Drone x2  
  48  3:45  Queen  
  50  3:50  Drone x2  
  52  3:57  Zergling x2  
  52  3:58  Zergling x4  
  55  4:04  Overlord, Baneling Nest  
  55  4:05  Overlord  
  54  4:10  Queen  
  54  4:13  Drone x2  
  54  4:14  Drone x2  
  60  4:18  Lair  
  60  4:23  Extractor, Drone x3  
  62  4:29  Zergling x6  
  65  4:34  Overlord  
  65  4:36  Drone  
  65  4:39  Spore Crawler x2  
  65  4:41  Spore Crawler  
  65  4:44  Drone x2  
  65  4:45  Drone  
  65  4:46  Drone  
  65  4:49  Extractor  
  65  4:50  Extractor  
  65  4:51  Drone x2  
  66  4:56  Drone  
  66  4:57  Drone x3  
  70  5:04  Drone x3  
  70  5:05  Drone x2  
  75  5:08  Overlord  
  75  5:18  Overseer  
  75  5:22  Drone x3  
  75  5:23  Drone  
  75  5:25  Spire  
  75  5:27  Extractor x2  
  76  5:29  Overlord  
  76  5:30  Drone x3  
  79  5:37  Overseer  
  79  5:40  Overlord  
  79  5:41  Centrifical Hooks, Overlord  
  79  5:42  Drone  
  80  5:44  Queen  
  81  5:52  Drone x5  
  86  6:02  Drone x2  
  88  6:08  Hatchery  
  87  6:12  Drone x3  
  87  6:15  Zergling x8  
  87  6:16  Zergling x2  
  95  6:21  Zergling x2  
  95  6:22  Zergling x6  
  99  6:35  Baneling x2  
  99  6:36  Baneling x2  
  99  6:37  Mutalisk x3, Zerg Flyer Weapons Level 1  
  99  6:38  Mutalisk x2  
  109  6:40  Mutalisk  
  109  6:41  Mutalisk  
  109  6:45  Overlord x2  
  113  6:48  Overlord  
  113  6:53  Overlord x3  
  113  7:06  Evolution Chamber x2  
  113  7:07  Baneling x5  
  113  7:08  Zergling x14  
  112  7:09  Zergling x2  
  116  7:22  Drone x9, Queen  
  124  7:29  Drone x2  
  128  7:31  Baneling x4  
  128  7:34  Pneumatized Carapace, Zerg Melee Weapons Level 1  
  128  7:35  Zerg Ground Armor Level 1  
  128  7:46  Baneling x2  
  128  7:47  Zergling x22  
  139  8:03  Mutalisk x7  
  153  8:07  Baneling  
  153  8:08  Baneling x4  
  146  8:16  Zergling x8  
  146  8:17  Zergling x8  
  147  8:21  Baneling x6  
  143  8:27  Zergling x2  
  143  8:28  Zergling x8  
  143  8:36  Mutalisk  
  143  8:39  Zergling x20  
  153  8:55  Mutalisk x2  
  156  9:03  Zergling x20  
  156  9:05  Extractor  
  156  9:08  Hatchery, Extractor  
  163  9:11  Zerg Flyer Weapons Level 2  
  163  9:13  Overseer  
  163  9:16  Baneling x5  
  163  9:18  Drone x4  
  167  9:27  Drone  
  167  9:30  Baneling x9  
  135  9:46  Zergling x22  
  137  9:55  Hatchery  
  137  9:59  Mutalisk x5  
  137  10:01  Zergling x2  
  137  10:02  Zergling x12  
  152  10:10  Baneling  
  152  10:11  Baneling x6  
  152  10:18  Zergling x10  
  157  10:28  Overlord x7  
  157  10:30  Queen  
  157  10:32  Drone  
  157  10:33  Drone  
  157  10:35  Baneling x6  
  161  10:36  Baneling x6  
  161  10:38  Zergling x10  
  166  10:53  Zergling x10  
  169  11:02  Zergling x6  
  170  11:04  Baneling x8  
  170  11:05  Baneling x5  
  170  11:09  Mutalisk x4  
  178  11:18  Mutalisk x2  
  177  11:21  Queen  
  183  11:31  Extractor, Zerg Flyer Armor Level 1  
  183  11:32  Zergling x6  
  185  11:33  Zergling x16  
  185  11:35  Baneling  
  185  11:36  Baneling x8  
  192  11:48  Zergling x2  
  192  11:49  Zergling x8  
  191  12:04  Zergling x2  
  191  12:05  Zergling x14  
  199  12:13  Baneling x15  
  199  12:19  Infestation Pit  
  198  12:32  Baneling x14  
  198  12:35  Hatchery  
  190  12:41  Zergling x20  
  190  12:43  Baneling  
  190  12:44  Baneling x19  
  180  13:00  Zergling x34  
  180  13:01  Zergling x8  
  180  13:03  Baneling x10  
  180  13:04  Baneling x2  
  187  13:09  Mutalisk x2  
  187  13:12  Mutalisk  
  138  13:29  Mutalisk x4  
  138  13:33  Zergling x2  
  138  13:34  Zergling x24  
  145  13:43  Zergling x4  
  145  13:44  Zergling x2  
Tags
 
Add a new tag
Caveats
  • Supply blocks, unpowered buildings, or Contaminate may cause inaccurate times.
  • Supply counts are checked every 10 seconds.